 Dungeon Crawl Stone Soup version 0.28.0 (webtiles) character file.

Game seed: 14214739460984282420

19673 Konebred the Destroyer (level 12, -7/68 HPs)
             Began as a Tengu Air Elementalist on Feb 17, 2022.
             Was an Elder of Vehumet.
             Mangled by an ice devil (11 damage)
             ... summoned by an obsidian statue
             ... in a volcano.
             The game lasted 01:15:46 (20382 turns).

Konebred the Destroyer (Tengu Air Elementalist)    Turns: 20382, Time: 01:15:47

Health: -7/68      AC:  8    Str: 13    XL:     12   Next: 71%
Magic:  1/25       EV: 18    Int: 19    God:    Vehumet [****..]
Gold:   69         SH:  5    Dex: 16    Spells: 13/27 levels left

rFire   + + .      SeeInvis .   I - +7 falchion (freeze)
rCold   + . .      Faith    .   (no shield)
rNeg    . . .      Spirit   .   O - +3 ring mail "Enexuss" {rF+ Str+4}
rPois   +          Reflect  +   (helmet restricted)
rElec   .          Harm     .   (no cloak)
rCorr   .          Rampage  .   (no gloves)
Will    .....      Rage     1%  (boots unavailable)
Stlth   ++........              D - amulet of reflection
HPRegen 0.21/turn               l - ring "Enkinata" {rF+ rC+}
MPRegen 0.19/turn               P - ring of poison resistance

@: on berserk cooldown, flying quickly and evasively, mesmerised, quick
A: beak, talons 3, nimble flight, berserk 1, no potion heal 1
a: Renounce Religion


You were in a volcano.
You worshipped Vehumet.
Vehumet was greatly pleased with you.
You visited 2 branches of the dungeon, and saw 13 of its levels.
You also visited: Volcano.

You collected 576 gold pieces.
You spent 507 gold pieces at shops.

Inventory:

Hand Weapons
 I - a +7 falchion of freezing (weapon)
 M - a +3 long sword of freezing
 Z - a +4 long sword of holy wrath
Armour
 y - a +2 leather armour of cold resistance
 C - a scarf of invisibility
 L - a +2 robe of willpower
 N - +0 acid dragon scales
 O - the +3 ring mail "Enexuss" (worn) {rF+ Str+4}
   (You found it on level 9 of the Dungeon)

   Str:       It affects your strength (+4).
   rF:        It protects you from fire.
Magical Staves
 H - a staff of fire
Jewellery
 a - a ring of protection from cold
 l - the ring "Enkinata" (left hand) {rF+ rC+}
   (You bought it in a shop on level 8 of the Dungeon)

   [ring of protection from fire]

   rF:        It protects you from fire.
   rC:        It protects you from cold.
 q - a +4 ring of slaying
 D - an amulet of reflection (around neck)
 P - a ring of poison resistance (right hand)
 Y - a ring of protection from cold
Wands
 d - a wand of digging (6)
 p - a wand of paralysis (8)
 r - a wand of polymorph (13)
 K - a wand of mindburst (10)
 X - a wand of flame (11)
Scrolls
 b - a scroll of fog
 e - 2 scrolls of blinking
 s - 2 scrolls of teleportation
 B - 2 scrolls of immolation
Potions
 c - 2 potions of heal wounds
 f - a potion of berserk rage
 g - 3 potions of mutation
 h - 2 potions of cancellation
 j - 3 potions of brilliance
 n - 2 potions of curing
 t - 3 potions of might
 z - a potion of degeneration
 E - 2 potions of resistance
 T - 4 potions of attraction
 U - 2 potions of flight
 W - 2 potions of magic {unknown}


   Skills:
 - Level 5.0 Fighting
 - Level 3.0 Armour
 - Level 10.0 Dodging
 - Level 5.0 Stealth
 - Level 8.0 Spellcasting
 + Level 13.2 Conjurations
 + Level 2.0 Ice Magic
 + Level 13.2 Air Magic
 - Level 5.0 Evocations


You had 13 spell levels left.
You knew the following spells:

 Your Spells              Type           Power      Damage    Failure   Level
a - Shock                 Conj/Air       100%       1d9       1%          1
b - Static Discharge      Conj/Air       55%        N/A       1%          2
c - Swiftness             Air            55%        N/A       1%          3
d - Airstrike             Air            27%        N/A       1%          4
e - Hailstorm             Conj/Ice       36%        3d9       2%          4

Your spell library contained the following spells:

 Spells                   Type           Power      Damage    Failure   Level
 Yara's Violent Unravell  Hex/Tmut       3%         3d4       75%         5
 Corpse Rot               Necr/Air       64%        N/A       1%          2
 Poisonous Vapours        Pois/Air       64%        N/A       1%          2
 Freeze                   Ice            60%        1d8       2%          1
 Flame Wave               Conj/Fire      32%        2d8       3%          4
 Conjure Ball Lightning   Conj/Air       27%        3x3d8     3%          6
 Frozen Ramparts          Ice            30%        1d5       7%          3
 Scorch                   Fire           14%        2d5       8%          2
 Slow                     Hex            28%        N/A       19%         1
 Confusing Touch          Hex            7%         N/A       50%         3
 Gell's Gravitas          Tloc           7%         N/A       50%         3
 Lesser Beckoning         Tloc           7%         N/A       50%         3
 Teleport Other           Tloc           7%         N/A       50%         3
 Vampiric Draining        Necr           7%         2d6       50%         3
 Summon Cactus Giant      Summ           3%         N/A       100%        6


Dungeon Overview and Level Annotations

Branches:
Dungeon (11/15)            Temple (0/1) D:5            Lair (2/6) D:9
    Orc (0/2) D:11        Volcano (1/1)
  Swamp: Lair:2-4    Shoals: Lair:2-4     Snake: Lair:2-4    Spider: Lair:2-4

Altars:
Elyvilon
Fedhas
Hepliaklqana
Kikubaaqudgha
Okawaru
Sif Muna
Trog
Vehumet
Xom
Zin

Shops:
D:8 =

Portals:
Trove: D:10 (give 4 potions of resistance)

Annotations:
D:6 4 runed translucent doors
Lair:1 2 transporters Volcano exclusion: obsidian statue


Innate Abilities, Weirdness & Mutations

You have a beak for a mouth.
You have claws for feet.
Your magical nature lets you fly swiftly and evasively.
You tend to lose your temper in combat.
Potions are less effective at restoring your health.


Message History

The obsidian statue's eyes glow briefly.
The ice devil barely misses you.
The obsidian statue's eyes glow briefly.
The obsidian statue attempts to bespell you!
You are mesmerised by the obsidian statue!
Unknown command.
Casting: Airstrike (safe; 1% risk of failure)
Confirm with . or Enter, or press ? or * to list all spells.
Aiming: Airstrike (safe; 1% risk of failure)
Press: ? - help, Dir - move target, f/p - obsidian statue
Aim: an obsidian statue (almost destroyed, mesmerising, empty space bonus: 0/8)
The air twists around and strikes the obsidian statue but does no damage.
The soul eater draws from the surrounding life force!
The ice devil closely misses you. The orange demon completely misses you.
The obsidian statue's eyes glow briefly.
The obsidian statue draws you further into its thrall.
The soul eater draws from the surrounding life force!
The ice devil hits you. The ice devil freezes you! You resist.
* * * LOW HITPOINT WARNING * * *
Unknown command.
Your system partially rejects the healing.
You feel much better. The orange demon stings you from afar!
* * * LOW HITPOINT WARNING * * *
You are lethally poisoned!
The orange demon poisons you! The ice devil hits you.
* * * LOW HITPOINT WARNING * * *
The ice devil freezes you! You resist.
* * * LOW HITPOINT WARNING * * *
Your system partially rejects the healing.
You feel better.
You feel yourself speed up.
The soul eater disappears in a puff of smoke!
The ice devil barely misses you.
The obsidian statue's eyes glow briefly.
The obsidian statue draws you further into its thrall.
A hell knight comes into view.
It is wielding a +4 halberd of flaming and wearing a +1 chain mail of fire resistance.
The ice devil hits you.
* * * LOW HITPOINT WARNING * * *
The ice devil freezes you! You resist.
You die...

≈≈≈§≈§≈§...#.#○≈≈.####
≈§§§≈≈....##.####.≈≈°#
§§§§≈...####N#°≈≈.####
§§§≈≈...## #.####.≈≈≈#
≈≈§.....8###)#≈≈≈.####
≈≈§≈.......§.####.≈≈≈#
≈≈≈.....8#####☼☼☼.####
.......### ####☼☼☼☼#
§.....## #54@#####
#..#### #84### #### #p
#


You could see an obsidian statue (mesmerising), a hell knight, an orange demon
(summoned), an ice devil (summoned) and a quasit (summoned).

Vanquished Creatures
  Fannar (D:11)
  Erolcha (D:11)
  A vault guard (D:10)
  5 two-headed ogres
  Urug (D:11)
  A salamander mystic (Volcano)
  Pikel (D:4)
  An ugly thing (D:11)
  2 salamanders (Volcano)
  A black mamba (Lair:2)
  2 cane toads (Lair:1)
  Maggie (D:9)
  A rime drake (Lair:1)
  2 unseen horrors
  5 blink frogs (Lair:1)
  Grinder (D:5)
  6 yaks (Lair:1)
  3 shadows
  5 fire bats (Volcano)
  2 vampires
  A fire elemental (Lair:2)
  5 wyverns
  A basilisk (D:9)
  2 steam dragons
  Menkaure (D:4)
  Edmund (D:4)
  A water moccasin (Lair:1)
  2 acid dragons
  3 black bears
  3 ice beasts
  A hornet zombie (D:6)
  2 necrophages
  6 orc warriors
  3 wolves (D:9)
  A centaur (D:8)
  5 ogres
  A phantom (D:6)
  A kobold brigand (D:9)
  5 bullfrogs
  A scorpion (D:9)
  A water moccasin zombie (D:6)
  A wyvern skeleton (D:7)
  2 water moccasin skeletons
  10 wights (D:8)
  4 centaur zombies
  3 howler monkeys (D:11)
  A jelly (D:6)
  5 lava snakes (Volcano)
  5 orc priests
  6 hounds
  3 bullfrog skeletons
  5 iguanas
  A gnoll shaman (D:6)
  4 orc wizards
  A howler monkey zombie (D:8)
  11 adders
  5 gnolls (D:6)
  A howler monkey skeleton (D:7)
  A shadow imp (D:7)
  2 white imps
  2 ufetubi
  2 adder skeletons (D:4)
  A worm (D:4)
  2 dart slugs (D:1)
  46 orcs
  4 ball pythons
  7 endoplasms
  6 giant cockroaches
  8 goblins
  5 hobgoblins
  3 quokkas
  5 bats
  8 frilled lizards
  13 kobolds
  3 rats
276 creatures vanquished.

Vanquished Creatures (others)
  2 fungi
  15 plants
17 creatures vanquished.

Grand Total: 293 creatures vanquished

Notes
Turn   | Place    | Note
-------+----------+-------------------------------------------
     0 | D:1      | Konebred the Tengu Air Elementalist began the quest for the
                  | Orb.
     0 | D:1      | Reached XP level 1. HP: 10/10 MP: 4/4
   149 | D:1      | Reached XP level 2. HP: 15/15 MP: 0/6
   152 | D:1      | Learned a level 2 spell: Static Discharge
   711 | D:1      | Reached XP level 3. HP: 8/19 MP: 3/7
  1691 | D:2      | Reached skill level 5 in Air Magic
  1691 | D:2      | Reached XP level 4. HP: 24/24 MP: 5/9
  1878 | D:2      | Noticed a golden eye
  1881 | D:2      | Found a faded altar of an unknown god.
  2027 | D:2      | Noticed a floating eye
  2035 | D:2      | Noticed a golden eye
  2044 | D:2      | Noticed a floating eye
  2684 | D:3      | Noticed an ogre
  3239 | D:3      | Gained mutation: Your magical nature lets you fly swiftly
                  | and evasively. [Tengu growth]
  3239 | D:3      | Reached XP level 5. HP: 26/28 MP: 7/10
  3333 | D:3      | Found a glowing silver altar of Zin.
  3333 | D:3      | Found a blossoming altar of Fedhas.
  3338 | D:3      | Found an ancient bone altar of Kikubaaqudgha.
  3339 | D:3      | Found a white marble altar of Elyvilon.
  3340 | D:3      | Found a hazy altar of Hepliaklqana.
  3340 | D:3      | Found a bloodstained altar of Trog.
  3341 | D:3      | Found a shimmering blue altar of Sif Muna.
  3343 | D:3      | Found a radiant altar of Vehumet.
  3346 | D:3      | Found a shimmering altar of Xom.
  3359 | D:3      | Became a worshipper of Vehumet
  3476 | D:3      | Killed an ogre
  3768 | D:4      | Reached XP level 6. HP: 28/32 MP: 3/12
  3958 | D:4      | Noticed Edmund
  4198 | D:4      | Noticed Pikel
  4218 | D:4      | Killed Pikel
  4219 | D:4      | Reached XP level 7. HP: 36/36 MP: 5/15
  4425 | D:4      | Learned a level 3 spell: Swiftness
  4430 | D:4      | Learned a level 4 spell: Airstrike
  4629 | D:4      | Killed Edmund
  4630 | D:4      | Reached XP level 8. HP: 41/41 MP: 8/16
  4757 | D:4      | Noticed Menkaure
  4762 | D:4      | Killed Menkaure
  4763 | D:4      | Reached skill level 5 in Spellcasting
  5256 | D:5      | Entered Level 5 of the Dungeon
  5503 | D:5      | Reached * piety under Vehumet
  5503 | D:5      | Offered knowledge of Sandblast by Vehumet.
  5818 | D:5      | Noticed Grinder
  5825 | D:5      | Paralysed by Grinder for 5 turns
  5830 | D:5      | Killed Grinder
  6002 | D:6      | Found a large runed translucent door.
  6002 | D:6      | Found a large runed translucent door.
  6006 | D:6      | Noticed a brown ugly thing
  6014 | D:6      | Found a large runed translucent door.
  6014 | D:6      | Found a large runed translucent door.
  6139 | D:6      | Noticed a two-headed ogre
  6260 | D:6      | Reached skill level 5 in Dodging
  6386 | D:6      | Killed a two-headed ogre
  6387 | D:6      | Reached XP level 9. HP: 45/45 MP: 0/19
  6787 | D:6      | Reached skill level 1 in Fighting
  8156 | D:5      | Found a staircase to the Ecumenical Temple.
  8178 | D:5      | Reached skill level 1 in Armour
  8629 | D:6      | Reached ** piety under Vehumet
  8629 | D:6      | Offered knowledge of Searing Ray by Vehumet.
  8632 | D:6      | Reached XP level 10. HP: 45/56 MP: 8/20
  8708 | D:6      | Got the Reference Book on the Birds
  8921 | D:6      | Killed an unseen horror
  9611 | D:7      | Found an iron altar of Okawaru.
  9769 | D:7      | Reached skill level 5 in Fighting
 10531 | D:7      | Reached skill level 1 in Evocations
 11520 | D:8      | Offered knowledge of Mephitic Cloud by Vehumet.
 11560 | D:8      | Found Quxzye's One-of-a-Kind Rings.
 11735 | D:8      | Killed an unseen horror
 12277 | D:8      | Reached skill level 10 in Dodging
 12847 | D:9      | Noticed Maggie
 12858 | D:9      | Killed Maggie
 12968 | D:9      | Identified the +3 ring mail "Enexuss" {rF+ Str+4}
 12984 | D:9      | Noticed a two-headed ogre
 13015 | D:9      | Killed a two-headed ogre
 13064 | D:9      | Reached XP level 11. HP: 63/63 MP: 6/21
 13226 | D:9      | Reached skill level 5 in Stealth
 13226 | D:9      | Reached skill level 10 in Air Magic
 13332 | D:9      | Reached *** piety under Vehumet
 13770 | D:9      | Found a staircase to the Lair.
 13854 | D:9      | Noticed a two-headed ogre
 13878 | D:9      | Killed a two-headed ogre
 14313 | D:10     | Entered Level 10 of the Dungeon
 14338 | D:10     | Reached skill level 5 in Evocations
 14425 | D:10     | Noticed a vault guard
 15053 | D:10     | Killed a vault guard
 15124 | D:10     | Found a portal to a secret trove of treasure.
 15180 | D:11     | Noticed a two-headed ogre
 15259 | D:11     | Offered knowledge of Ignite Poison by Vehumet.
 15384 | D:11     | Noticed Fannar
 15517 | D:11     | Killed Fannar
 15818 | D:11     | Noticed a two-headed ogre
 15835 | D:11     | Killed a two-headed ogre
 15836 | D:11     | Reached skill level 10 in Conjurations
 16051 | D:11     | Noticed Erolcha
 16077 | D:11     | Killed Erolcha
 16268 | D:11     | Found a staircase to the Orcish Mines.
 16272 | D:11     | Reached **** piety under Vehumet
 16356 | D:11     | Noticed a purple ugly thing
 16377 | D:11     | Offered knowledge of Yara's Violent Unravelling by Vehumet.
 16455 | D:11     | Noticed Urug
 16471 | D:11     | Killed Urug
 16817 | D:11     | Killed a purple ugly thing
 16818 | D:11     | Reached XP level 12. HP: 55/68 MP: 2/23
 16943 | D:11     | Found a glowing silver altar of Zin.
 17352 | D:11     | Killed a two-headed ogre
 17659 | D:8      | Bought the ring "Enkinata" {rF+ rC+} for 507 gold pieces
 17714 | Lair:1   | Entered Level 1 of the Lair of Beasts
 17740 | Lair:1   | Found a transporter.
 18581 | Lair:1   | Found a transporter.
 19651 | Lair:2   | Found a dark tunnel.
 19657 | Volcano  | Entered a volcano
 19673 | Volcano  | Learned a level 4 spell: Hailstorm
 19787 | Volcano  | Reached skill level 1 in Ice Magic
 20349 | Volcano  | Noticed a sun demon
 20371 | Volcano  | Gained mutation: Potions are less effective at restoring
                  | your health. [a neqoxec]
 20373 | Volcano  | Gained mutation: You tend to lose your temper in combat. [a
                  | neqoxec]
 20378 | Volcano  | Noticed a soul eater
 20381 | Volcano  | HP: 3/68 [ice devil[an obsidian statue] (8)]
 20382 | Volcano  | Noticed a hell knight
 20382 | Volcano  | Mangled by an ice devil

Illustrated notes

Levels and vault maps discovered:
D:1:      dpeg_arrival_pits, layout_basic
D:2:      layout_loops_ring, hellmonk_ecumenical_altar_watching_god,
          st_stairs_3, minmay_lizard_king
D:3:      layout_loops_ring, nicolae_overflow_hallway_of_the_gods,
          amcnicky_mini_rare_corridor_liquid
D:4:      nicolae_cairo_tiling, layout_loops_ring, uniq_menkaure, uniq_edmund,
          uniq_pikel
D:5:      cheibrodos_helix_gallery, layout_loops_ring, temple_statues,
          uniq_grinder
D:6:      layout_rooms, minmay_hollow_rounded_squares
D:7:      layout_basic, okawaru_metal_pillars_1_2, enter_bailey_5, st_stairs_14,
          chequers_serial_rivers_micro_c
D:8:      layout_layer_cave, nicolae_shop_unique_rings,
          nicolae_figureground_pulse
D:9:      layout_cave_pools, minmay_lair_entry_grove, uniq_maggie
D:10:     layout_basic, enter_trove_5
D:11:     layout_long_grid, hiddenorc2_lemuel, nicolae_wwwww, zin_scriptorium,
          uniq_erolcha, uniq_snorg, uniq_urug, uniq_fannar
Lair:1:   gammafunk_worm_tunnel, layout_cave_pods
Lair:2:   layout_gridlike, nicolae_volcano_entry_hallway,
          chequers_serial_rivers_large_a
Volcano:  volcano_grotto [vgs_trial_by_fire]

Skill      XL: |  1  2  3  4  5  6  7  8  9 10 11 12 |
---------------+-------------------------------------+-----
Conjurations   | 2 3 4 6 8 11 13 | 13.2
Air Magic      | 5 7 8 9 12 13 | 13.2
Spellcasting   | 3 4 6 7 8 |  8.0
Dodging        | 7 8 10 | 10.0
Fighting       | 4 5 |  5.0
Armour         | 2 3 |  3.0
Evocations     | 3 5 |  5.0
Stealth        | 4 5 |  5.0
Ice Magic      | 2 |  2.0

Action                   |  1- 3 |  4- 6 |  7- 9 | 10-12 || total
-------------------------+-------+-------+-------+-------++-------
Melee: Unarmed           |       |     1 |       |       ||     1
       Short sword       |       |       |     4 |       ||     4
       Kick              |       |       |     1 |    18 ||    19
       Peck              |       |       |     1 |     8 ||     9
       Staff             |       |       |       |    17 ||    17
       Falchion          |       |       |       |    29 ||    29
 Cast: Shock             |    55 |    73 |    77 |    96 ||   301
       Static Discharge  |     3 |    10 |    13 |    50 ||    76
       Swiftness         |       |       |     7 |     3 ||    10
       Airstrike         |       |       |    60 |   263 ||   323
Evoke: Wand              |       |       |       |     8 ||     8
  Use: Scroll            |       |       |     5 |    18 ||    23
       Potion            |       |       |       |    11 ||    11
 Stab: Paralysed         |       |       |       |     7 ||     7
Armor: Robe              |       |       |     1 |     2 ||     3
       Leather armour    |       |       |       |     8 ||     8
       Ring mail         |       |       |       |    16 ||    16
Dodge: Dodged            |     2 |     4 |    20 |   136 ||   162
Block: Other             |       |       |       |    44 ||    44
       Reflection        |       |       |       |     4 ||     4
